 Dungeon Crawl Stone Soup version 0.28.0-53-g5a82cb258f (webtiles) character file.

Game seed: 1161967168279402263

1261 ZombieQueen the Chopper (level 8, 0/90 HPs)
             Began as a Djinni Berserker on Aug 15, 2022.
             Was a Believer of Trog.
             Splashed by a jelly's acid (6 damage)
             ... on level 6 of the Dungeon.
             The game lasted 00:07:47 (4267 turns).

ZombieQueen the Chopper (Djinni Berserker)          Turns: 4267, Time: 00:07:48

Health: 0/90       AC: -2    Str: 18    XL:     8   Next: 81%
Gold:   106        EV:  8    Int: 10    God:    Trog [**....] SH:  0 Dex: 12

rFire   + + .      SeeInvis .   s - +0 war axe
rCold   x . .      Faith    .   (no shield)
rNeg    . . .      Spirit   .   g - +0 chain mail
rPois   ∞          Reflect  .   (no helmet)
rElec   .          Harm     .   (no cloak)
rCorr   .          Rampage  .   (no gloves)
Will    .....                   (boots unavailable)
Stlth   ..........              (no amulet)
HPRegen 0.25/turn               (no ring)
MPRegen 0.00/turn               (no ring)

@: berserking, marked, corroded, flying, very quick
A: sickness immunity, fire resistance 2, cold vulnerability 1, float, innate
caster, HP casting, extra vitality 1
a: Renounce Religion, Berserk, Trog's Hand


You were on level 6 of the Dungeon.
You worshipped Trog.
Trog was pleased with you.
You visited 1 branch of the dungeon, and saw 5 of its levels.

You collected 106 gold pieces.

Inventory:

Hand Weapons
 a - a +0 falchion of protection
 r - a +0 antimagic spear
 s - a +0 war axe (weapon)
 t - a +2 flail of holy wrath
Armour
 g - a +0 chain mail (worn)
 h - a +3 ring mail
Magical Staves
 q - a staff of fire
Jewellery
 o - an amulet of reflection
Scrolls
 b - a scroll of noise {unknown}
 f - a scroll of teleportation {unknown}
 j - a scroll of blinking {unknown}
 k - 3 scrolls of identify {unknown}
 m - a scroll of torment {unknown}
 u - a scroll of fear {unknown}
 v - a scroll of enchant armour {unknown}
Potions
 c - a potion of haste {unknown}
 d - a potion of invisibility {unknown}
 e - a potion of degeneration {unknown}
 i - a potion of mutation {unknown}
 l - a potion of heal wounds {unknown}
 n - 4 potions of brilliance {unknown}
 p - 2 potions of curing


   Skills:
 + Level 5.4 Fighting
 + Level 6.3 Axes
 + Level 5.0 Armour
 + Level 3.4 Dodging
 + Level 1.0 Stealth


You had 2 spell levels left.
You knew the following spells:

 Your Spells              Type           Power      Damage    Failure   Level
a - Beastly Appendage     Tmut           0%         N/A       99%         1
b - Wereblood             Tmut           0%         N/A       100%        2
c - Passwall              Tmut/Erth      0%         N/A       100%        2
Your spell library was empty.


Dungeon Overview and Level Annotations

Branches:
Dungeon (6/15)
 Temple: D:4-7

Altars:
Cheibriados
Nemelex Xobeh
Qazlal
The Shining One


Innate Abilities, Weirdness & Mutations

You are immune to sickness and miasma.
You are immune to poison.
Your flesh is very heat resistant. (rF++)
You are vulnerable to cold. (rC-)
You float through the air rather than walking.
You learn spells naturally, not from books.
Your magical power is your life essence.
You have superior vitality. (+4 MHP)


Message History

The bullfrog zombie hits you. The jelly hits you but does no damage.
The bullfrog zombie hits you.
You hit the jelly but do no damage.
Your hands burn!
The jelly is severely wounded.
You hit the bullfrog zombie but do no damage.
The bullfrog zombie hits you. The jelly hits you but does no damage.
You hit the jelly but do no damage. The acid corrodes you!
Your hands burn!
The jelly is severely wounded.
You hit the bullfrog zombie but do no damage.
The bullfrog zombie hits you. The jelly closely misses you.
The bullfrog zombie hits you. The jelly barely misses you.
You barely miss the jelly.
The jelly is severely wounded.
You hit the bullfrog zombie. The bullfrog zombie hits you. The jelly hits you.
You are splashed with acid!
* * * LOW HITPOINT WARNING * * *
A red film seems to cover your vision as you go berserk!
You feel yourself moving faster!
You feel mighty!
The bullfrog zombie barely misses you. x2; The jelly hits you.
* * * LOW HITPOINT WARNING * * *
You are splashed with acid!
* * * LOW HITPOINT WARNING * * *
You are too injured to fight recklessly!
You are too injured to fight recklessly!
You are too injured to fight recklessly!
You are too injured to fight recklessly!
You are too berserk!
You are too berserk!
You are too berserk!
You are too berserk!
You barely miss the bullfrog zombie.
The bullfrog zombie is almost destroyed.
You hit the jelly. The acid corrodes you!
Your hands burn!
* * * LOW HITPOINT WARNING * * *
The bullfrog zombie hits you!
* * * LOW HITPOINT WARNING * * *
The jelly hits you.
* * * LOW HITPOINT WARNING * * *
You are splashed with acid.
You die...

#... #...........
#..##.............##
#......#........... #.
#...>#..........
#...#.#<##.........#
...................##
...............Z....###
()......#....##ZJ.....#
........#.#...#@## .
.#...##.......#..#..).
..#.. ##...............
..### #.........#....>
#..<.....####.##
##.....#.# # ##....###
#....# #....#


You could see a jelly and 2 bullfrog zombies.

Vanquished Creatures
  A water moccasin (D:5)
  Edmund (D:5)
  2 sky beasts (D:5)
  A necrophage (D:5)
  2 ogres
  3 phantoms (D:5)
  A bullfrog (D:4)
  A water moccasin skeleton (D:4)
  A bullfrog zombie (D:5)
  2 bullfrog skeletons
  An orc priest (D:5)
  An iguana (D:5)
  A hound zombie (D:5)
  5 adders (D:5)
  A shadow imp (D:4)
  An adder skeleton (D:4)
  2 dart slugs
  5 orcs (D:5)
  9 ball pythons
  6 endoplasms
  A giant cockroach (D:4)
  6 goblins
  8 hobgoblins
  5 kobolds
  A quokka (D:4)
  3 bats
  2 frilled lizards (D:1)
  2 rats (D:1)
75 creatures vanquished.

Vanquished Creatures (others)
  5 demonic plants (D:1)
  10 fungi (D:1)
  5 plants
  3 withered plants (D:1)
23 creatures vanquished.

Grand Total: 98 creatures vanquished

Notes
Turn   | Place    | Note
-------+----------+-------------------------------------------
     0 | D:1      | ZombieQueen the Djinni Berserker began the quest for the
                  | Orb.
     0 | D:1      | Reached XP level 1. HP: 20/20 MP: 0/0
   103 | D:1      | Reached XP level 2. HP: 25/25 MP: 0/0
   233 | D:1      | Reached XP level 3. HP: 28/30 MP: 0/0
   233 | D:1      | Learned a level 1 spell: Beastly Appendage
   352 | D:1      | Found a faded altar of an unknown god.
   419 | D:1      | Reached skill level 3 in Axes
   446 | D:1      | Reached ** piety under Trog
   789 | D:2      | You are sucked into a shaft and drop 2 floors!
   872 | D:4      | Noticed an ogre
   875 | D:4      | Noticed a bullfrog
   881 | D:4      | Killed an ogre
   882 | D:4      | Reached XP level 4. HP: 15/37 MP: 0/0
   882 | D:4      | Reached XP level 5. HP: 16/41 MP: 0/0
   882 | D:4      | Learned a level 2 spell: Wereblood
   885 | D:4      | Killed a bullfrog
   886 | D:4      | Reached skill level 4 in Axes
   888 | D:4      | Reached XP level 6. HP: 13/47 MP: 0/0
  1194 | D:4      | Found a snail-covered altar of Cheibriados.
  1386 | D:4      | Found a glowing golden altar of the Shining One.
  2074 | D:5      | Entered Level 5 of the Dungeon
  2074 | D:5      | Found a sparkling altar of Nemelex Xobeh.
  2095 | D:5      | Noticed a sky beast
  2124 | D:5      | Killed a sky beast
  2125 | D:5      | Reached XP level 7. HP: 19/52 MP: 0/0
  2125 | D:5      | Learned a level 2 spell: Passwall
  2651 | D:5      | Noticed a water moccasin
  2677 | D:5      | Reached skill level 5 in Axes
  2684 | D:5      | HP: 2/53 [water moccasin (3)]
  2686 | D:5      | Killed a water moccasin
  3184 | D:5      | Reached XP level 8. HP: 46/58 MP: 0/0
  3429 | D:5      | Found a stormy altar of Qazlal.
  3771 | D:5      | Noticed Edmund
  3781 | D:5      | Killed Edmund
  3782 | D:5      | Reached skill level 5 in Fighting
  3789 | D:5      | Reached skill level 6 in Axes
  4130 | D:5      | Reached skill level 5 in Armour
  4130 | D:5      | Reached skill level 1 in Stealth
  4267 | D:6      | Splashed by a jelly's acid

Illustrated notes

Levels and vault maps discovered:
D:1:      dpeg_arrival_connections, layout_rooms, shapermc_ecumenical_altar_gd,
          minmay_misc_feat_four_crosses
D:2:      layout_rooms, dk_vineyard_3, grunt_ministairs_10, uniq_terence
D:4:      layout_loops_ring, tso_oasis_becter, cheibriados_altar_1,
          cheibrodos_sewer_entry_sluice, grunt_decor_junction, minmay_liquid_box
D:5:      layout_basic, mainiacjoe_overflow_surrounded_room,
          nemelex_xobeh_ov_fountains_minmay, minmay_misc_feat_tiny,
          solitary_fountain, uniq_edmund
D:6:      layout_cave_pools, mainiacjoe_overflow_brackets, kennysheep_boxes

Skill      XL: |  1  2  3  4  5  6  7  8 |
---------------+-------------------------+-----
Axes           | 3 4 5 6 |  6.3
Fighting       | 4 5 |  5.4
Dodging        | 3 |  3.4
Armour         | 3 4 5 |  5.0
Stealth        | 1 |  1.0

Action                   |  1- 3 |  4- 6 |  7- 9 || total
-------------------------+-------+-------+-------++-------
Melee: Hand axe          |    77 |    89 |   105 ||   271
       Punch             |     1 |     1 |     2 ||     4
       War axe           |       |       |    73 ||    73
Invok: Berserk           |     1 |     1 |     4 ||     6
       Trog's Hand       |       |       |     1 ||     1
Armor: Animal skin       |    12 |       |       ||    12
       Chain mail        |    32 |    44 |    94 ||   170
Dodge: Dodged            |    40 |    33 |    73 ||   146
